 Dungeon Crawl Stone Soup version 0.29-a0-275-g389c0b56f3 (webtiles) character file.

Game seed: 16808455338623943138

317 siradein the Shooter (level 6, -4/53 HPs)
             Began as a Draconian Hunter on Mar 9, 2022.
             Slain by a sky beast (5 damage)
             ... on level 4 of the Dungeon.
             The game lasted 00:06:52 (3424 turns).

siradein the Shooter (Draconian Hunter)             Turns: 3424, Time: 00:06:52

Health: -4/53      AC:  8    Str: 14    XL:     6   Next: 20%
Magic:  6/6        EV: 13    Int: 11    God:
Gold:   141        SH:  0    Dex: 14    Spells: 4/5 levels left

rFire   . . .      SeeInvis .   a - +1 shortbow (flame)
rCold   . . .      Faith    .   (shield currently unavailable)
rNeg    . . .      Spirit   .   (body armour unavailable)
rPois   .          Reflect  .   (helmet restricted)
rElec   .          Harm     .   (no cloak)
rCorr   .          Rampage  .   i - +1 pair of gloves
Will    .....                   (no boots)
Stlth   ++........              (no amulet)
HPRegen 0.17/turn               (no ring)
MPRegen 0.10/turn               (no ring)

@: about to teleport
A: AC +6, unfitting armour, cold-blooded
a: no special abilities


You were on level 4 of the Dungeon.
You visited 1 branch of the dungeon, and saw 5 of its levels.

You collected 141 gold pieces.

Inventory:

Hand Weapons
 a - a +1 shortbow of flaming (weapon)
Armour
 i - a +1 pair of gloves (worn)
Jewellery
 k - an amulet of magic regeneration
Scrolls
 b - a scroll of immolation
 e - 5 scrolls of enchant armour
 g - 2 scrolls of teleportation
Potions
 d - a potion of brilliance
 f - a potion of curing
 j - a potion of might


   Skills:
 + Level 4.4 Fighting
 + Level 4.9 Bows
 + Level 3.6 Dodging
 - Level 0.8 Stealth
 + Level 0.3 Spellcasting
 + Level 0.4 Translocations


You had 4 spell levels left.
You knew the following spells:

 Your Spells              Type           Power      Damage    Failure   Level
a - Apportation           Tloc           2%         N/A       28%         1

Your spell library contained the following spells:

 Spells                   Type           Power      Damage    Failure   Level
 Alistair's Intoxication  Tmut/Pois      0%         N/A       100%        5


Dungeon Overview and Level Annotations

Branches:
Dungeon (5/15)
 Temple: D:4-7

Altars:
Hepliaklqana
Okawaru
Beogh

Annotations:
D:3 3 runed translucent doors, ders's ghost, amateur GrEE


Innate Abilities, Weirdness & Mutations

Your plain brown scales are hard. (AC +6)
You cannot fit into any form of body armour.
You are cold-blooded and may be slowed by cold attacks.


Message History

Shoot: a) +1 shortbow (flame)
Press: ? - help, Q - select action, (/) - cycle Shift-Dir - straight line, f/p - scorpion
Aim: a scorpion (almost dead, 64% to hit)
You shoot an arrow. The arrow hits the scorpion.
The arrow burns the scorpion.
You kill the scorpion!
You feel sick.
The sky beast hits you but does no damage.
The sky beast misses you.
You have reached level 6!
Your scales feel tougher.
You feel sick.
The sky beast hits you but does no damage.
You climb upwards.
You feel sick.
There is a stone staircase leading down here.
You feel sick. The sky beast barely misses you.
You feel sick.
You are no longer poisoned.
The sky beast misses you. The sky beast attacks as you move away!
The sky beast closely misses you.
The sky beast flickers out of sight!
Deactivating autopickup; reactivate with Ctrl-A.
Something hits you.
* * * LOW HITPOINT WARNING * * *
Something shocks you.
* * * LOW HITPOINT WARNING * * *
A sky beast appears from thin air!
Reactivating autopickup.
The sky beast attacks as you move away! The sky beast hits you.
* * * LOW HITPOINT WARNING * * *
The sky beast shocks you.
* * * LOW HITPOINT WARNING * * *
Okay, then.
As you read the scroll of teleportation, it crumbles to dust.
You feel strangely unstable. The sky beast barely misses you.
The sky beast flickers out of sight!
Deactivating autopickup; reactivate with Ctrl-A.
Something hits you.
* * * LOW HITPOINT WARNING * * *
Something shocks you.
You die...

#.....................#..
#.....................###
#.....................###
##.#####.....######.#.##. #.#
#.>...# #!#.##. #.# #.....#
#)#.##.
##########[#####.....######.#.###
..>.......................)......
...........≈....@................
......##########.#.######...#####
......# #.#.# #...# ......#
###.#.# #...# ####### #.....#
#...# #.....# #...# #.....# #...#
#.....# #...# #.....# #####


There were no monsters in sight!

Vanquished Creatures
  2 scorpions
  8 gnolls (D:4)
  6 adders
  A worm (D:2)
  2 dart slugs
  An orc (D:4)
  4 bats
  8 endoplasms
  A giant cockroach (D:4)
  14 goblins
  2 hobgoblins
  2 quokkas
  A ball python (D:3)
  3 frilled lizards
  7 kobolds
  3 rats (D:1)
65 creatures vanquished.

Notes
Turn   | Place    | Note
-------+----------+-------------------------------------------
     0 | D:1      | siradein the Draconian Hunter began the quest for the Orb.
     0 | D:1      | Reached XP level 1. HP: 17/17 MP: 1/1
    92 | D:1      | Reached XP level 2. HP: 25/25 MP: 2/2
   814 | D:2      | Reached XP level 3. HP: 23/30 MP: 3/3
   901 | D:2      | Identified the +4 mace "Xigo Nufu" {holy, rF- rN+ Will+
                  | Int+10}
  1332 | D:2      | Reached XP level 4. HP: 38/38 MP: 4/4
  1464 | D:2      | Identified the +5 hand axe "Ikooniduri" {spect, +Blink rN+}
  1752 | D:3      | Found an iron altar of Okawaru.
  1903 | D:3      | Found a runed translucent gate.
  1903 | D:3      | Noticed ders's ghost (amateur GrEE)
  2126 | D:3      | Found a runed translucent gate.
  2127 | D:3      | Found a runed translucent gate.
  2623 | D:4      | Reached XP level 5. HP: 46/46 MP: 5/5
  2634 | D:4      | Found a hazy altar of Hepliaklqana.
  3351 | D:5      | Entered Level 5 of the Dungeon
  3351 | D:5      | Noticed a water moccasin
  3399 | D:4      | Learned a level 1 spell: Apportation
  3402 | D:5      | Noticed a sky beast
  3407 | D:5      | Reached XP level 6. HP: 19/53 MP: 6/6
  3420 | D:4      | HP: 1/53 [sky beast (5)]
  3424 | D:4      | Slain by a sky beast

Illustrated notes

Levels and vault maps discovered:
D:1:      saegor_arrival_simple_e, layout_basic
D:2:      layout_basic
D:3:      wad_pebble_path, layout_loops_ring, kennysheep_okawaru_gauntlet,
          biasface_ghost_orc_armoury
D:4:      layout_basic, nicolae_hepliaklqana_hippocampus
D:5:      layout_rooms, mainiacjoe_overflow_alcove_4, temple_green,
          ebering_ghost_rock_garden

Skill      XL: |  1  2  3  4  5 |
---------------+----------------+-----
Dodging        | 2 3 |  3.6
Bows           | 4 |  4.9
Fighting       | 3 4 |  4.4
Stealth        | |  0.8
Spellcasting   | |  0.3
Translocations | |  0.4

Action                   |  1- 3 |  4- 6 || total
-------------------------+-------+-------++-------
 Fire: Shortbow          |   104 |   124 ||   228
  Use: Scroll            |       |     8 ||     8
       Potion            |       |     1 ||     1
Armor: Skin              |    11 |    29 ||    40
Dodge: Dodged            |    19 |    50 ||    69

Table legend: (Time is in decaauts)
 A = Elapsed time spent in this place.
 B = Non-inter-level travel time spent in this place.
 C = Inter-level travel time spent in this place.
 D = Time resting spent in this place.
 E = Time spent auto-exploring this place.
 F = Levels seen in this place.
 G = Mean time per level.
                   A        B        C        D        E       F      G
               +--------+--------+--------+--------+--------+-----+--------+
         Total |   3490 |   3364 |    126 |      0 |   2846 |   5 |  698.0 |
       Dungeon |   3490 |   3364 |    126 |      0 |   2846 |   5 |  698.0 |
               +--------+--------+--------+--------+--------+-----+--------+

Top non-repeatable levels by time:
     D:4: 1259 daAuts
     D:1: 822 daAuts
     D:2: 792 daAuts
     D:3: 604 daAuts
     D:5: 11 daAuts
